 Dungeon Crawl Stone Soup version 0.27-a0-1149-g4505690ab0 (webtiles) character file.

Game seed: 2876334787952656817

298 freelancePsychic the Shooter (level 6, -1/53 HPs)
             Began as a Minotaur Hunter on May 12, 2021.
             Slain by a worm (5 damage)
             ... on level 3 of the Dungeon.
             The game lasted 00:07:32 (2266 turns).

freelancePsychic the Shooter (Minotaur Hunter)      Turns: 2266, Time: 00:07:32

Health: -1/53      AC:  9    Str: 18    XL:     6   Next: 13%
Magic:  5/5        EV: 10    Int:  8    God:
Gold:   45         SH:  5    Dex: 11    Spells: 5/5 levels left

rFire    . . .     SeeInvis .   b - +2 short sword (holy)
rCold    . . .     Faith    .   (no shield)
rNeg     . . .     Spirit   .   r - +0 scale mail
rPois    .         Reflect  +   (helmet restricted)
rElec    .         Harm     .   (no cloak)
rCorr    .         Rampage  .   h - +0 pair of gloves
Will     .....                  s - +1 pair of boots
Stlth    ..........             q - amulet of reflection
HPRegen  0.17/turn              (no ring)
MPRegen  0.09/turn              (no ring)

@: no status effects
A: horns 2, retaliatory headbutt
a: no special abilities


You were on level 3 of the Dungeon.
You visited 1 branch of the dungeon, and saw 3 of its levels.

You collected 100 gold pieces.
You spent 55 gold pieces at shops.

Inventory:

Hand Weapons
 a - a +1 shortbow
 b - a +2 short sword of holy wrath (weapon)
Missiles
 d - 34 arrows
 t - 4 javelins (quivered)
Armour
 c - a +0 leather armour
 h - a +0 pair of gloves (worn)
 r - a +0 scale mail (worn)
 s - a +1 pair of boots (worn)
Jewellery
 p - a ring of positive energy
 q - an amulet of reflection (around neck)
Wands
 l - a wand of digging (6)
Scrolls
 g - 2 scrolls of teleportation {@r4}
 i - a scroll of vulnerability
 u - a scroll of immolation {unknown}
Potions
 e - 2 potions of curing {unknown}
 f - a potion of lignification {unknown}
 j - a potion of invisibility {unknown}
 m - a potion of attraction {unknown}
 n - a potion of haste {unknown}
 o - a potion of brilliance {unknown}


   Skills:
 + Level 4.4 Fighting
 * Level 6.5 Bows
 + Level 4.0 Dodging
 - Level 0.7 Stealth


You had 5 spell levels left.
You didn't know any spells.
Your spell library contained the following spells:

 Spells                   Type           Power      Damage    Failure   Level
 Confusing Touch          Hex            0%         N/A       99%         3
 Gell's Gravitas          Tloc           0%         N/A       99%         3
 Petrify                  Tmut/Erth      0%         N/A       100%        4
 Metabolic Englaciation   Hex/Ice        0%         N/A       100%        5
 Yara's Violent Unravell  Hex/Tmut       0%         3d3       100%        5


Dungeon Overview and Level Annotations

Branches:
Dungeon (3/15)

Altars:

Shops:
D:2 ?


Innate Abilities, Weirdness & Mutations

You have a pair of horns on your head.
You reflexively headbutt those who attack you in melee.


Message History

You suddenly lose the ability to move!
The worm bites you.
Grinder blinks!
You can move again.
You hit the worm.
The worm is heavily wounded.
The worm barely misses you.
You don't have any such object.
Fire/throw which item? (* to show all) (? for menu, Esc to quit)
You don't have any such object.
Fire/throw which item? (* to show all) (? for menu, Esc to quit)
That's the wrong kind of item! (Use * to select it.) Fire/throw which item? (* to show all) (? for menu, Esc to quit)
Okay, then.
Throw: throwing net
Press: ? - help, Q - select action, (/) - cycle Shift-Dir - straight line, f - Grinder
Aim: Grinder (almost dead, 53% to hit)
You throw a throwing net. The throwing net barely misses Grinder.
The worm bites you.
* * * LOW HITPOINT WARNING * * *
You hit the worm.
The worm is severely wounded.
The worm barely misses you.
You hit the worm.
The worm is severely wounded.
The worm bites you.
* * * LOW HITPOINT WARNING * * *
Grinder blinks!
The worm bites you but does no damage.
You hit the worm. You headbutt the worm.
The worm is almost dead.
Grinder gestures at you. Pain shoots through your body!
* * * LOW HITPOINT WARNING * * *
The worm bites you but does no damage.
You hit the worm.
The worm is almost dead.
You hit Grinder.
Grinder convulses.
You headbutt Grinder.
You kill Grinder!
The worm bites you.
You die...

##..#)..## #..#
#.....######..#
#.......(..#..##>.
#..........ยง......
#......#####.####.
##..#### #......
#.#########.#####
##w..........#
#@..########.#
.....<..### #.#
.......## ###
....... .......
....... .......
.......


You could see a worm.

Vanquished Creatures
  Grinder (D:3)
  Purgy (D:3)
  A necrophage (D:3)
  Robin (D:3)
  2 adders
  A worm (D:2)
  2 dart slugs
  5 ball pythons
  10 endoplasms
  3 giant cockroaches
  7 hobgoblins
  7 jackals
  2 quokkas (D:3)
  8 bats
  5 frilled lizards
  9 goblins
  9 kobolds
  8 rats
82 creatures vanquished.

Vanquished Creatures (others)
  A hobgoblin (D:3)
  2 plants (D:1)
3 creatures vanquished.

Grand Total: 85 creatures vanquished

Notes
Turn   | Place    | Note
-------+----------+-------------------------------------------
     0 | D:1      | freelancePsychic the Minotaur Hunter began the quest for
                  | the Orb.
     0 | D:1      | Reached XP level 1. HP: 18/18 MP: 0/0
   139 | D:1      | Reached XP level 2. HP: 25/25 MP: 1/1
   736 | D:1      | Reached skill level 5 in Bows
   810 | D:1      | Found a faded altar of an unknown god.
   848 | D:1      | Reached XP level 3. HP: 31/31 MP: 2/2
  1679 | D:2      | Reached XP level 4. HP: 38/38 MP: 3/3
  1763 | D:2      | Found Sidavel's Magic Scroll Shoppe.
  1774 | D:2      | Bought a scroll of identify for 22 gold pieces
  1774 | D:2      | Bought a scroll of teleportation for 33 gold pieces
  1976 | D:3      | Noticed a necrophage
  1982 | D:3      | Killed a necrophage
  1983 | D:3      | Reached XP level 5. HP: 44/46 MP: 4/4
  2002 | D:3      | Noticed Purgy
  2021 | D:3      | Killed Purgy
  2022 | D:3      | Reached skill level 6 in Bows
  2091 | D:3      | Reached XP level 6. HP: 49/53 MP: 5/5
  2121 | D:3      | Noticed Robin
  2167 | D:3      | Killed Robin
  2224 | D:3      | Noticed Grinder
  2255 | D:3      | Paralysed by Grinder for 2 turns
  2266 | D:3      | Killed Grinder
  2266 | D:3      | Slain by a worm

Illustrated notes

Levels and vault maps discovered:
D:1:      dpeg_arrival_tiny_a, layout_rooms, serial_forest,
          infiniplex_forest_zigzag_2, infiniplex_forest_lined_3,
          infiniplex_forest_straight_4, infiniplex_forest_straight_3,
          infiniplex_forest_clump_double, infiniplex_forest_clump_medium,
          infiniplex_forest_zigzag_1, shapermc_ecumenical_altar_totnotflames,
          minmay_hexomino_u4
D:2:      layout_basic, serial_shops, shop
D:3:      layout_rooms, gup_sewer_entry_bubbles, uniq_purgy, uniq_robin,
          uniq_grinder

Skill      XL: |  1  2  3  4  5  6 |
---------------+-------------------+-----
Fighting       | 3 4 |  4.4
Bows           | 5 6 |  6.5
Dodging        | 3 4 |  4.0
Stealth        | |  0.7

Action                   |  1- 3 |  4- 6 || total
-------------------------+-------+-------++-------
Melee: Short sword       |    95 |    84 ||   179
       Headbutt          |    14 |    11 ||    25
 Fire: Shortbow          |    22 |    10 ||    32
Throw: Throwing net      |       |     1 ||     1
  Use: Scroll            |       |     2 ||     2
Armor: Leather armour    |    26 |       ||    26
       Scale mail        |     1 |    48 ||    49
Dodge: Dodged            |    66 |    52 ||   118
Block: Other             |    10 |    26 ||    36
       Reflection        |       |     1 ||     1

Table legend: (Time is in decaauts)
 A = Elapsed time spent in this place.
 B = Non-inter-level travel time spent in this place.
 C = Inter-level travel time spent in this place.
 D = Time resting spent in this place.
 E = Time spent auto-exploring this place.
 F = Levels seen in this place.
 G = Mean time per level.
                   A        B        C        D        E       F      G
               +--------+--------+--------+--------+--------+-----+--------+
         Total |   2281 |   2209 |     72 |      0 |   1554 |   3 |  760.3 |
       Dungeon |   2281 |   2209 |     72 |      0 |   1554 |   3 |  760.3 |
               +--------+--------+--------+--------+--------+-----+--------+

Top non-repeatable levels by time:
     D:2: 961 daAuts
     D:1: 947 daAuts
     D:3: 372 daAuts
